[Event "Titled Tuesday Blitz August 09 Early 2022"]
[White "Jorquera, Marcelo"]
[Black "Vasquez Schroeder, Rodrigo"]
[WhiteFideId "3401197"]
[BlackFideId "3400042"]
[WhiteElo "2136"]
[BlackElo "2567"]
[Result "0-1"]
[Round "02"]
[TimeControl "180+1"]
[Date "2022.08.09"]
[WhiteClock "0:00:01"]
[BlackClock "0:00:58"]

1. e4 c6 2. Nc3 d5 3. Nf3 Bg4 4. h3 Bxf3 5. Qxf3 e6 6. g3 Nd7 7. Bg2 g6 8. O-O Bg7 9. d3 Ne7 10. Qe2 O-O 11. f4 a5 12. a4 Re8 13. g4 Nf6 14. Kh1 Qc7 15. Be3 Rad8 16. Qf2 Nd7 17. e5 f6 18. d4 f5 19. g5 Rb8 20. Qe2 Qb6 21. Rab1 Ra8 22. h4 Qa6 23. Qf3 b5 24. Rfe1 b4 25. Ne2 Rec8 26. b3 c5 27. dxc5 Nxc5 28. Bxc5 Rxc5 29. Nd4 Rac8 30. Rbd1 Rc3 31. Re3 Qb6 32. Rdd3 R3c5 33. Rd2 Bf8 34. Bf1 Kf7 35. Bb5 R8c7 36. Bd3 Nc6 37. Nb5 Rc8 38. h5 Rd8 39. hxg6+ hxg6 40. Rh2 Bg7 41. Rh7 Kg8 42. Qh3 Ne7 43. Rxg7+ Kxg7 44. Qh6+ Kf7 45. Qh7+ Ke8 46. Nd6+ Rxd6 47. exd6 Qxd6 48. Bb5+ Kd8 49. Qf7 Qxf4 50. Qf8+ Kc7 51. Qxe7+ Kb8 52. Qd8+ Kb7 53. Rxe6 Qc1+ 54. Kh2 Rxc2+ 55. Re2 Qf4+ 56. Kg2 Qe4+ 57. Kf2 Qf4+ 58. Kg2 Qxg5+ 59. Kf2 Rxe2+ 60. Bxe2 Qxd8 0-1


[Site "https://www.chess.com"]

[Event "Titled Tuesday Blitz August 09 Early 2022"]
[White "Karas, Marek"]
[Black "Lebedev, Artem S."]
[WhiteFideId "14928558"]
[BlackFideId "34272747"]
[WhiteElo "2272"]
[BlackElo "1699"]
[Result "1-0"]
[Round "02"]
[TimeControl "180+1"]
[Date "2022.08.09"]
[WhiteClock "0:01:32"]
[BlackClock "0:00:21"]

1. d4 d5 2. Nf3 Nf6 3. Bf4 c5 4. e3 Nc6 5. Nbd2 e6 6. c3 Bd6 7. Bg3 Bxg3 8. hxg3 Qd6 9. Bd3 e5 10. dxc5 Qxc5 11. e4 Be6 12. Qe2 O-O-O 13. exd5 Bxd5 14. Ne4 Bxe4 15. Bxe4 Nxe4 16. Qxe4 Kb8 17. O-O h5 18. Rfd1 f6 19. Qg6 Rxd1+ 20. Rxd1 Qe7 21. Nh4 a6 22. Qe4 Rd8 23. Qe2 Rxd1+ 24. Qxd1 Qe8 25. Qd6+ Ka8 26. Nf5 g6 27. Ne3 Qd8 28. Qxd8+ Nxd8 29. Nd5 f5 30. Ne7 Ne6 31. Nxg6 e4 32. Nf4 Nc5 33. Nxh5 Nd3 34. Ng7 Nxb2 35. Nxf5 Nd1 36. g4 Nxc3 37. g5 Nd5 38. g6 Nf6 39. Ne7 Nh5 40. Nf5 Nf6 41. g7 Ng8 42. Kf1 b5 43. Ke2 a5 44. Ke3 b4 45. Kxe4 a4 46. Kd4 b3 47. axb3 axb3 48. Kc3 Kb7 49. Kxb3 Kc6 50. Kc4 Kd7 51. Kd5 Ke8 52. Ke6 1-0


[Site "https://www.chess.com"]

[Event "Titled Tuesday Blitz August 09 Early 2022"]
[White "Khabinets, Ivan"]
[Black "Kamsky, Gata"]
[WhiteFideId "14115980"]
[BlackFideId "2000024"]
[WhiteElo "2114"]
[BlackElo "2666"]
[Result "1/2-1/2"]
[Round "02"]
[TimeControl "180+1"]
[Date "2022.08.09"]
[WhiteClock "0:00:13"]
[BlackClock "0:00:07"]

1. e4 e5 2. Nf3 Nc6 3. Bb5 a6 4. Ba4 Nf6 5. Nc3 b5 6. Bb3 Be7 7. O-O d6 8. d3 Na5 9. Nd5 Nxb3 10. Nxf6+ Bxf6 11. axb3 O-O 12. Be3 Bb7 13. Nd2 Be7 14. f4 exf4 15. Bxf4 f5 16. Qe2 Qd7 17. Rae1 Rae8 18. e5 g5 19. e6 Qc6 20. Be3 f4 21. Bd4 Qd5 22. Qe4 c5 23. Bf2 Bf6 24. c4 Qxe4 25. Nxe4 Rxe6 26. Nxf6+ Rfxf6 27. Rxe6 Rxe6 28. Re1 Kf7 29. g3 Rf6 30. Re2 Bc8 31. Re1 Bh3 32. Ra1 Re6 33. Re1 f3 34. Rxe6 Kxe6 35. Be3 h6 36. Kf2 Bf5 37. d4 cxd4 38. Bxd4 Be4 39. Ke3 Kf5 40. g4+ Kxg4 41. Kxe4 h5 42. Kd5 Kh3 43. Kxd6 g4 44. c5 Kxh2 45. c6 g3 46. c7 f2 47. c8=Q f1=Q 48. Qe8 Qd3 49. Qxh5+ Kg2 50. Qd5+ Kh3 51. Qh1+ Kg4 52. Qd5 Kh3 53. Qh5+ Kg2 54. Qd5+ Kh3 1/2-1/2


[Site "https://www.chess.com"]

[Event "Titled Tuesday Blitz August 09 Early 2022"]
[White "Khripachenko, Alexander"]
[Black "Demchenko, Anton"]
[WhiteFideId "54184975"]
[BlackFideId "4160258"]
[WhiteElo "2233"]
[BlackElo "2539"]
[Result "1-0"]
[Round "02"]
[TimeControl "180+1"]
[Date "2022.08.09"]
[WhiteClock "0:00:13"]
[BlackClock "0:00:18"]

1. e4 e5 2. Nf3 Nc6 3. Bc4 Nf6 4. d3 h6 5. a4 d6 6. Nc3 g6 7. h3 Bg7 8. Be3 Be6 9. Nd5 Bxd5 10. exd5 Ne7 11. d4 e4 12. Nd2 Nfxd5 13. Bxd5 Nxd5 14. Nxe4 f5 15. Nc3 Nxe3 16. fxe3 Qh4+ 17. Kf1 O-O-O 18. Qf3 f4 19. exf4 Bxd4 20. g3 Qf6 21. Nd5 Qf7 22. c3 Bg7 23. Kg2 c6 24. Nb4 Rhe8 25. Rhe1 Qb3 26. Nxc6 Qxb2+ 27. Kh1 Qxc3 28. Qxc3 Bxc3 29. Rxe8 Rxe8 30. Nxa7+ Kb8 31. Rc1 Bb2 32. Rc2 Kxa7 33. Rxb2 Re4 34. Rd2 Rxa4 35. Rxd6 Ra6 36. Rd3 b5 37. g4 b4 38. f5 gxf5 39. gxf5 Rb6 40. Rb3 Ka6 41. f6 Kb5 42. Rf3 Rb8 43. f7 Rf8 44. Kg2 Ka4 45. Kg3 b3 46. Rf1 b2 47. Kg4 Rxf7 48. Rxf7 b1=Q 49. Ra7+ Kb3 50. Rb7+ Kc2 51. Rxb1 Kxb1 52. Kh5 Kc2 53. Kxh6 Kd3 54. Kg7 Ke4 55. h4 1-0


[Site "https://www.chess.com"]

[Event "Titled Tuesday Blitz August 09 Early 2022"]
[White "Kilic, Eray"]
[Black "Kazancev, Valerij M"]
[WhiteFideId "44517173"]
[BlackFideId "4179609"]
[WhiteElo "1776"]
[BlackElo "2551"]
[Result "1-0"]
[Round "02"]
[TimeControl "180+1"]
[Date "2022.08.09"]
[WhiteClock "0:00:42"]
[BlackClock "0:00:35"]

1. e4 c5 2. Nf3 d6 3. d4 cxd4 4. Nxd4 Nf6 5. Nc3 a6 6. Be3 b5 7. Bd3 Bb7 8. a3 Nbd7 9. Nb3 Rc8 10. O-O e6 11. f4 Rxc3 12. bxc3 Nxe4 13. Qe1 Be7 14. Rd1 Qa8 15. Na5 Bd5 16. c4 bxc4 17. Bxc4 Bxc4 18. Nxc4 d5 19. Ne5 Nxe5 20. fxe5 O-O 21. a4 Qc6 22. a5 Qxc2 23. Rc1 Qb2 24. Rc7 Bb4 25. Rb7 Bxe1 26. Rxb2 Bxa5 27. Ra2 Bc3 28. Rxa6 Bxe5 29. Ra7 h6 30. Rd7 g5 31. g3 Kg7 32. Rb1 Kg6 33. Rbb7 h5 34. Kg2 g4 35. Ra7 Nd6 36. Bc5 1-0


[Site "https://www.chess.com"]

[Event "Titled Tuesday Blitz August 09 Early 2022"]
[White "Kiseljova, Marya"]
[Black "Rosenberg, Evan S"]
[WhiteFideId "4155009"]
[BlackFideId "2019299"]
[WhiteElo "1697"]
[BlackElo "2414"]
[Result "0-1"]
[Round "02"]
[TimeControl "180+1"]
[Date "2022.08.09"]
[WhiteClock "0:00:18"]
[BlackClock "0:01:11"]

1. d4 Nf6 2. c4 e6 3. g3 Bb4+ 4. Nd2 O-O 5. Nf3 b6 6. Bg2 Bb7 7. O-O Bxd2 8. Nxd2 Bxg2 9. Kxg2 Qc8 10. e4 Qb7 11. f3 d6 12. b3 a5 13. a4 Nc6 14. Bb2 Nb4 15. Qe2 Rfe8 16. Bc3 c5 17. Bxb4 axb4 18. Qd3 Rad8 19. d5 Qe7 20. dxe6 fxe6 21. Rfe1 Nh5 22. Nf1 Qg5 23. Rad1 Nf4+ 24. Kf2 Nxd3+ 25. Rxd3 d5 26. exd5 exd5 27. Rxe8+ Rxe8 28. cxd5 Qc1 29. d6 Qe1+ 30. Kg1 Re2 31. d7 Qf2+ 32. Kh1 Qxf1# 0-1


[Site "https://www.chess.com"]

[Event "Titled Tuesday Blitz August 09 Early 2022"]
[White "Kopjonkin, Kirill"]
[Black "Garriga Cazorla, Pere"]
[WhiteFideId "24140090"]
[BlackFideId "32011601"]
[WhiteElo "2265"]
[BlackElo "2365"]
[Result "0-1"]
[Round "02"]
[TimeControl "180+1"]
[Date "2022.08.09"]
[WhiteClock "0:01:46"]
[BlackClock "0:02:38"]

1. e4 c5 2. Nf3 d6 3. d4 cxd4 4. Nxd4 Nf6 5. Nc3 a6 6. f3 e5 7. Nb3 Be6 8. Be3 h5 9. Nd5 Bxd5 10. exd5 Nbd7 11. Qd2 g6 12. Na5 Rb8 13. Be2 Bg7 14. O-O O-O 15. c4 e4 16. b4 exf3 17. gxf3 Re8 18. Rac1 h4 19. Rf2 Nh5 20. Ba7 Ra8 21. Bd4 Bxd4 22. Qxd4 Qg5+ 23. Kh1 Qxc1+ 24. Rf1 Qf4 0-1


[Site "https://www.chess.com"]

[Event "Titled Tuesday Blitz August 09 Early 2022"]
[White "Korchmar, Vasiliy"]
[Black "Abdrlauf, Elham"]
[WhiteFideId "24131750"]
[BlackFideId "1533533"]
[WhiteElo "2370"]
[BlackElo "2430"]
[Result "0-1"]
[Round "02"]
[TimeControl "180+1"]
[Date "2022.08.09"]
[WhiteClock "0:00:38"]
[BlackClock "0:01:27"]

1. e4 c6 2. d4 d5 3. e5 c5 4. dxc5 e6 5. Be3 Nd7 6. Bb5 Ne7 7. c3 Nc6 8. b4 Ndxe5 9. Nf3 Nxf3+ 10. Qxf3 Be7 11. O-O O-O 12. Nd2 e5 13. Rad1 Be6 14. Nc4 Qc7 15. Bxc6 bxc6 16. Na5 f5 17. Rfe1 f4 18. Bd4 e4 19. Qe2 Qd7 20. Qa6 Rac8 21. b5 Bh3 22. gxh3 Qxh3 23. bxc6 Rf5 24. Qxc8+ Kf7 25. Qe6+ Kxe6 0-1


[Site "https://www.chess.com"]

[Event "Titled Tuesday Blitz August 09 Early 2022"]
[White "Kostiukov, Alexandr"]
[Black "Sammed Jaykumar, Shete"]
[WhiteFideId "14108100"]
[BlackFideId "5073421"]
[WhiteElo "2202"]
[BlackElo "2239"]
[Result "0-1"]
[Round "02"]
[TimeControl "180+1"]
[Date "2022.08.09"]
[WhiteClock "0:00:44"]
[BlackClock "0:01:18"]

1. g3 e5 2. Bg2 Nf6 3. c4 c6 4. Nf3 e4 5. Nd4 Qb6 6. Nb3 d5 7. cxd5 cxd5 8. O-O h5 9. h3 h4 10. g4 Nxg4 11. hxg4 h3 12. Bh1 h2+ 13. Kg2 Bxg4 14. f3 Bh3+ 15. Kg3 Bxf1 16. Qxf1 Qg1+ 17. Qg2 Rh6 18. Kf4 Bd6+ 19. Kf5 Rf6+ 0-1


[Site "https://www.chess.com"]

[Event "Titled Tuesday Blitz August 09 Early 2022"]
[White "Koutlas, Nikolaos"]
[Black "Zaichenko, Daria"]
[WhiteFideId "25827138"]
[BlackFideId "4197453"]
[WhiteElo "1738"]
[BlackElo "2039"]
[Result "1-0"]
[Round "02"]
[TimeControl "180+1"]
[Date "2022.08.09"]
[WhiteClock "0:00:37"]
[BlackClock "0:01:08"]

1. e4 c5 2. Nf3 Nc6 3. d4 cxd4 4. Nxd4 Nf6 5. Nc3 d6 6. Bg5 e6 7. Qd2 a6 8. O-O-O Bd7 9. f4 Be7 10. Nf3 Qa5 11. e5 dxe5 12. Bxf6 gxf6 13. Qxd7+ Kf8 14. Qxb7 Rb8 15. Qxc6 Rxb2 16. Kxb2 Qa3+ 17. Ka1 Kg7 18. Nb1 Qb4 19. Qc4 Qb7 20. fxe5 Rb8 21. Qc3 fxe5 22. Nxe5 Bf6 23. Bc4 Qc7 24. Rhe1 Kh8 25. Rd7 Qc5 26. Nxf7+ Kg7 27. Ng5+ Kg6 28. Qxf6+ Kxf6 29. Ne4+ Kf5 30. Nxc5 1-0


[Site "https://www.chess.com"]

[Event "Titled Tuesday Blitz August 09 Early 2022"]
[White "Kukreja, Sankalp"]
[Black "Papasimakopoulos, Alexandros"]
[WhiteFideId "45027676"]
[BlackFideId "4244125"]
[WhiteElo "2004"]
[BlackElo "2357"]
[Result "0-1"]
[Round "02"]
[TimeControl "180+1"]
[Date "2022.08.09"]
[WhiteClock "0:01:33"]
[BlackClock "0:02:17"]

1. e4 e6 2. d4 d5 3. e5 b6 4. Nf3 Ne7 5. Bd3 Ba6 6. O-O Bxd3 7. Qxd3 c5 8. c3 Nbc6 9. Be3 Nf5 10. a3 c4 11. Qc2 Na5 12. Nbd2 Be7 13. Bf4 g5 14. Be3 g4 15. Ne1 h5 16. Bf4 Bg5 17. Bxg5 Qxg5 18. f4 gxf3 19. Ndxf3 Qg4 20. Qf2 Nb3 21. Rd1 O-O-O 22. Nc2 Rdg8 23. h3 Qxh3 24. Rde1 Rg3 25. Ne3 Rhg8 26. Nh4 Nxh4 27. Qxf7 Rxg2+ 0-1


[Site "https://www.chess.com"]

[Event "Titled Tuesday Blitz August 09 Early 2022"]
[White "Large, Peter G"]
[Black "Belozerov, Andrei"]
[WhiteFideId "400866"]
[BlackFideId "4120213"]
[WhiteElo "2064"]
[BlackElo "2320"]
[Result "1-0"]
[Round "02"]
[TimeControl "180+1"]
[Date "2022.08.09"]
[WhiteClock "0:00:07"]
[BlackClock "0:00:19"]

1. Nf3 d5 2. b3 Bg4 3. Bb2 Bxf3 4. exf3 e6 5. f4 Nf6 6. d3 g6 7. Nd2 Bg7 8. g3 O-O 9. Bg2 c5 10. O-O Nc6 11. Re1 Nh5 12. Bxg7 Nxg7 13. Nf3 Qa5 14. Ne5 Nxe5 15. fxe5 Qc3 16. a3 Rad8 17. Rb1 b5 18. Bh3 a5 19. Qc1 f6 20. exf6 Rxf6 21. f4 Re8 22. Qb2 Qxb2 23. Rxb2 h6 24. Re5 Kf7 25. c4 b4 26. axb4 axb4 27. Ra2 Nf5 28. Ra7+ Re7 29. Rxe7+ Nxe7 30. cxd5 exd5 31. Bg2 Rd6 32. g4 Kf6 33. h4 h5 34. g5+ Kf7 35. Kf2 Ke8 36. Ke2 Kd7 37. Bh3+ Ke8 38. Re6 Rxe6+ 39. Bxe6 Nf5 40. Bxf5 gxf5 41. d4 c4 42. bxc4 dxc4 43. d5 Kf7 44. Kd2 Ke7 45. g6 Kf6 46. d6 1-0


[Site "https://www.chess.com"]

[Event "Titled Tuesday Blitz August 09 Early 2022"]
[White "Le, Tuan Minh"]
[Black "Hosseinzadeh, Nima"]
[WhiteFideId "12401153"]
[BlackFideId "12505323"]
[WhiteElo "2530"]
[BlackElo "2045"]
[Result "1-0"]
[Round "02"]
[TimeControl "180+1"]
[Date "2022.08.09"]
[WhiteClock "0:00:05"]
[BlackClock "0:00:01"]

1. d4 Nf6 2. Nf3 e6 3. Bf4 c5 4. c3 Qb6 5. Qc2 cxd4 6. cxd4 Nc6 7. e3 Bb4+ 8. Nbd2 O-O 9. a3 Be7 10. Bd3 d5 11. Ne5 h6 12. O-O Nxe5 13. Bxe5 Bd7 14. Bc7 Qc6 15. Rac1 Qxc2 16. Rxc2 Rfc8 17. Rfc1 Ne8 18. Nb3 Ba4 19. Bf4 Rxc2 20. Bxc2 Rc8 21. Na1 Bd6 22. Bh7+ Kxh7 23. Rxc8 Bxf4 24. exf4 Nd6 25. Rc7 Kg6 26. f3 Bc6 27. Nc2 Nc4 28. b3 Nd6 29. a4 Kf6 30. Kf2 Ne8 31. Rc8 Ke7 32. Nb4 Kd7 33. Ra8 Nd6 34. Rg8 g6 35. g4 Ke7 36. h4 Be8 37. Rh8 Kf6 38. Rg8 Ke7 39. Nd3 f6 40. Rg7+ Bf7 41. Rh7 Kf8 42. h5 gxh5 43. Rxh6 Kg7 44. g5 fxg5 45. fxg5 Nf5 46. Rf6 Nxd4 47. Ne5 Bg8 48. Rg6+ Kf8 49. Rf6+ Kg7 50. b4 h4 51. f4 h3 52. Rh6 1-0


[Site "https://www.chess.com"]

[Event "Titled Tuesday Blitz August 09 Early 2022"]
[White "Lehtosaari, Mauri"]
[Black "Legenia, Artem"]
[WhiteFideId "501999"]
[BlackFideId "14136945"]
[WhiteElo "2516"]
[BlackElo "1936"]
[Result "1-0"]
[Round "02"]
[TimeControl "180+1"]
[Date "2022.08.09"]
[WhiteClock "0:00:09"]
[BlackClock "0:00:02"]

1. d4 d5 2. Nf3 Nf6 3. Bg5 e6 4. e3 c5 5. c3 Nc6 6. Nbd2 h6 7. Bh4 Bd6 8. e4 g5 9. e5 gxh4 10. exd6 Qxd6 11. Bb5 cxd4 12. cxd4 h3 13. g3 Bd7 14. O-O a6 15. Bxc6 Bxc6 16. Ne5 Bb5 17. Re1 a5 18. Qf3 Ke7 19. Nb3 b6 20. Rac1 Rac8 21. Qf4 a4 22. Nd2 Qb4 23. a3 Qd6 24. Nf1 Bxf1 25. Rxf1 Rhd8 26. Qxh6 b5 27. Qxh3 Rxc1 28. Rxc1 Rg8 29. Qh4 1-0


[Site "https://www.chess.com"]

[Event "Titled Tuesday Blitz August 09 Early 2022"]
[White "Leschinsky, Gary"]
[Black "Karttunen, Mika"]
[WhiteFideId "30951321"]
[BlackFideId "502081"]
[WhiteElo "1809"]
[BlackElo "2343"]
[Result "1/2-1/2"]
[Round "02"]
[TimeControl "180+1"]
[Date "2022.08.09"]
[WhiteClock "0:00:04"]
[BlackClock "0:00:13"]

1. d4 Nf6 2. c4 e6 3. Nc3 d5 4. cxd5 exd5 5. Bg5 Bb4 6. e3 h6 7. Bh4 g5 8. Bg3 Ne4 9. Qc2 h5 10. Be5 f6 11. f3 fxe5 12. fxe4 exd4 13. exd4 dxe4 14. O-O-O Bxc3 15. bxc3 Qe7 16. h4 g4 17. Bc4 Bf5 18. Ne2 Nd7 19. Ng3 Bg6 20. Bd5 O-O-O 21. Bxe4 Bxe4 22. Nxe4 Kb8 23. Rde1 Rhe8 24. g3 Nf6 25. Nxf6 Qxf6 26. Qd3 a6 27. Rhf1 Rxe1+ 28. Rxe1 Qf2 29. Re5 Rf8 30. Qe3 Qf1+ 31. Kb2 Rf2+ 32. Ka3 Rf3 33. Re8+ Ka7 34. Qd2 Qb5 35. Re5 Qb6 36. Rc5 Rxg3 37. Qf4 Rd3 38. Qxc7 Qb1 39. Rc4 Qc1+ 40. Kb3 Qd1+ 41. Ka3 Qc1+ 42. Kb3 Qb1+ 43. Ka3 Qb5 44. Qc5+ Qxc5+ 45. Rxc5 g3 46. Kb3 g2 47. Rg5 Rd2 48. d5 Kb6 49. Rg6+ Kc5 50. d6 b5 51. a3 Kc6 52. Kb4 Rb2+ 53. Ka5 Ra2 54. Kb4 Kd7 55. c4 bxc4 56. Kxc4 Rxa3 57. Rxg2 Kxd6 58. Rg6+ Ke5 59. Rg5+ Kf4 60. Rxh5 Kg4 61. Rh6 a5 62. Ra6 Kxh4 63. Kb5 Kg4 64. Rxa5 Rxa5+ 65. Kxa5 1/2-1/2


[Site "https://www.chess.com"]

[Event "Titled Tuesday Blitz August 09 Early 2022"]
[White "Leve, Nitai"]
[Black "Bharath Subramaniyam H"]
[WhiteFideId "2006898"]
[BlackFideId "46634827"]
[WhiteElo "2144"]
[BlackElo "2346"]
[Result "0-1"]
[Round "02"]
[TimeControl "180+1"]
[Date "2022.08.09"]
[WhiteClock "0:00:02"]
[BlackClock "0:00:26"]

1. e4 c5 2. Nf3 d6 3. d4 cxd4 4. Qxd4 Nf6 5. Bg5 Nc6 6. Bb5 Bd7 7. Bxc6 Bxc6 8. Nc3 e6 9. O-O-O Be7 10. Qd3 a6 11. Nd4 Rc8 12. f4 h6 13. Bxf6 Bxf6 14. f5 Bd7 15. fxe6 fxe6 16. e5 Bxe5 17. Qg6+ Ke7 18. Rhf1 Qe8 19. Qg4 Rf8 20. Nf3 Bf4+ 21. Kb1 g5 22. Qh3 Qg6 23. g3 Be3 24. Qg2 Rxc3 25. bxc3 Qe4 26. Qe2 Bb5 27. Nd2 Bxe2 28. Nxe4 Rxf1 29. Rxf1 Bxf1 0-1


[Site "https://www.chess.com"]

[Event "Titled Tuesday Blitz August 09 Early 2022"]
[White "Levitskiy, Andrey"]
[Black "Seo, Jung Min"]
[WhiteFideId "14132885"]
[BlackFideId "1734687"]
[WhiteElo "2293"]
[BlackElo "2414"]
[Result "0-1"]
[Round "02"]
[TimeControl "180+1"]
[Date "2022.08.09"]
[WhiteClock "0:00:01"]
[BlackClock "0:00:16"]

1. e4 e5 2. Nf3 Nc6 3. Bc4 Bc5 4. c3 Nf6 5. d4 exd4 6. b4 Be7 7. e5 Ne4 8. b5 Na5 9. Bd5 Nxc3 10. Nxc3 dxc3 11. Nd4 d6 12. e6 fxe6 13. Nxe6 Bxe6 14. Bxe6 Bf6 15. O-O c2 16. Qh5+ g6 17. Qf3 Qe7 18. Re1 Kd8 19. h4 h6 20. Qa3 Bxa1 21. Bd2 Bd4 22. Qxa5 Re8 23. Qb4 Qf6 24. Qc4 Qxf2+ 25. Kh1 Qxd2 26. Qd5 0-1


[Site "https://www.chess.com"]

[Event "Titled Tuesday Blitz August 09 Early 2022"]
[White "Lima, Kleyton Alcantara"]
[Black "Aradhya, Garg"]
[WhiteFideId "22718397"]
[BlackFideId "25006746"]
[WhiteElo "1951"]
[BlackElo "2203"]
[Result "1-0"]
[Round "02"]
[TimeControl "180+1"]
[Date "2022.08.09"]
[WhiteClock "0:01:41"]
[BlackClock "0:00:32"]

1. e4 e5 2. Nf3 Nc6 3. d4 exd4 4. Nxd4 Nf6 5. Nxc6 bxc6 6. e5 Qe7 7. Qe2 Nd5 8. c4 Nb6 9. Nc3 Qe6 10. Qe4 d5 11. exd6 cxd6 12. Bd3 d5 13. cxd5 cxd5 14. Bb5+ Bd7 15. Qxe6+ fxe6 16. Bg5 Bb4 17. Bxd7+ Kxd7 18. Rc1 Na4 19. Bd2 Nxb2 20. Rb1 Nd3+ 21. Ke2 Bxc3 22. Bxc3 Nf4+ 23. Kf3 Rhf8 24. Bxg7 Rf7 25. Rb7+ Ke8 26. Rxf7 Kxf7 27. Kxf4 Kxg7 28. Ke5 Kf7 29. Rb1 Re8 30. Rb7+ Re7 31. Rb3 Rc7 32. Rf3+ Ke7 33. Rf6 Rc6 34. Rh6 Ra6 35. Rxh7+ Kd8 36. f4 Rxa2 37. Kxe6 d4 38. Rd7+ Ke8 39. Rxd4 1-0


[Site "https://www.chess.com"]

[Event "Titled Tuesday Blitz August 09 Early 2022"]
[White "Livaic, Leon"]
[Black "Sychev, Klementy"]
[WhiteFideId "14531534"]
[BlackFideId "4114060"]
[WhiteElo "2540"]
[BlackElo "2564"]
[Result "1-0"]
[Round "02"]
[TimeControl "180+1"]
[Date "2022.08.09"]
[WhiteClock "0:00:10"]
[BlackClock "0:00:01"]

1. d4 Nf6 2. c4 g6 3. Nc3 d5 4. cxd5 Nxd5 5. e4 Nxc3 6. bxc3 Bg7 7. Bc4 c5 8. Ne2 O-O 9. Be3 Nc6 10. h4 cxd4 11. cxd4 Qa5+ 12. Kf1 h5 13. f3 Rd8 14. Qb3 e6 15. Rd1 Rb8 16. Qb5 Qxb5 17. Bxb5 a6 18. Bxc6 bxc6 19. Kf2 a5 20. Bg5 Rd7 21. Rb1 Rdb7 22. Rxb7 Rxb7 23. Rc1 Rb2 24. Rxc6 Bb7 25. Rd6 Rxa2 26. Ke3 Ra3+ 27. Kd2 Ra2+ 28. Ke3 Ra3+ 29. Kd2 Ra2+ 30. Kd3 Ra3+ 31. Nc3 f6 32. Rd8+ Kh7 33. Bc1 Ra1 34. Kc2 a4 35. Kb2 Rxc1 36. Kxc1 1-0


[Site "https://www.chess.com"]

[Event "Titled Tuesday Blitz August 09 Early 2022"]
[White "Machidon, Cristi"]
[Black "Andreikin, Dmitry"]
[WhiteFideId "13904590"]
[BlackFideId "4158814"]
[WhiteElo "2312"]
[BlackElo "2736"]
[Result "0-1"]
[Round "02"]
[TimeControl "180+1"]
[Date "2022.08.09"]
[WhiteClock "0:00:13"]
[BlackClock "0:00:54"]

1. d4 Nf6 2. c4 g6 3. Nc3 Bg7 4. Nf3 O-O 5. g3 b6 6. Bg2 Bb7 7. O-O Ne4 8. Qc2 Nxc3 9. bxc3 Nc6 10. e4 Ba6 11. Qe2 e5 12. Be3 Re8 13. d5 Na5 14. Nd2 Rc8 15. Rfd1 c6 16. d6 Re6 17. Nb3 Nxc4 18. Bc1 Qf8 19. Bh3 Rxd6 20. Bg5 h6 21. Rxd6 Qxd6 22. Rd1 Qf8 23. Bc1 d6 24. Bxc8 Qxc8 25. Qf3 Qe6 26. Kg2 Bb5 27. h3 a5 28. Qg4 Bf8 29. Qxe6 fxe6 30. Nd2 a4 31. Nxc4 Bxc4 32. a3 d5 33. Kf3 Kf7 34. g4 b5 35. Re1 Kf6 36. Rd1 Bb3 37. Rd2 h5 38. gxh5 gxh5 39. Kg3 Bh6 0-1


[Site "https://www.chess.com"]

[Event "Titled Tuesday Blitz August 09 Early 2022"]
[White "Madaminov, Mukhiddin"]
[Black "Ovezdurdyyeva, Jemal"]
[WhiteFideId "14210703"]
[BlackFideId "14001888"]
[WhiteElo "2011"]
[BlackElo "1946"]
[Result "1-0"]
[Round "02"]
[TimeControl "180+1"]
[Date "2022.08.09"]
[WhiteClock "0:01:50"]
[BlackClock "0:00:20"]

1. d4 Nf6 2. Nc3 g6 3. e4 d6 4. f4 c6 5. Nf3 Bg7 6. Bd3 b5 7. O-O O-O 8. Qe1 a6 9. e5 dxe5 10. fxe5 Nd5 11. Qh4 f6 12. Bh6 Be6 13. Ne4 Nd7 14. Neg5 Bf5 15. Bxg7 fxg5 16. Nxg5 h5 17. Bxf8 Qxf8 18. Bxf5 gxf5 19. Qxh5 Qg7 20. Rxf5 Rf8 21. Raf1 N7f6 22. exf6 exf6 23. Ne6 1-0


[Site "https://www.chess.com"]

[Event "Titled Tuesday Blitz August 09 Early 2022"]
[White "Maiorov, Nikita"]
[Black "Donchenko, Alexander"]
[WhiteFideId "13501720"]
[BlackFideId "24603295"]
[WhiteElo "2409"]
[BlackElo "2572"]
[Result "1/2-1/2"]
[Round "02"]
[TimeControl "180+1"]
[Date "2022.08.09"]
[WhiteClock "0:00:11"]
[BlackClock "0:00:23"]

1. d4 Nf6 2. c4 g6 3. Nc3 Bg7 4. e4 d6 5. Nf3 O-O 6. h3 Na6 7. Bg5 h6 8. Be3 c5 9. Be2 cxd4 10. Nxd4 Nc5 11. Qc2 Bd7 12. O-O Rc8 13. Rad1 a6 14. Qb1 Qc7 15. Rc1 Qb8 16. Rfd1 Rfd8 17. b4 Na4 18. Nxa4 Bxa4 19. Rd2 Be8 20. Bf1 Nd7 21. Nb3 Ne5 22. Bb6 Rd7 23. Bd4 Rdd8 24. Qb2 Bf6 25. f4 Nd7 26. Rcd1 Qc7 27. a3 Bxd4+ 28. Qxd4 Nf8 29. Qe3 Ba4 30. Re1 Bxb3 31. Qxb3 Nd7 32. Qe3 Kg7 33. Red1 Nf8 34. e5 dxe5 35. Qxe5+ Qxe5 36. fxe5 Rxd2 37. Rxd2 Ne6 38. Kf2 Kf8 39. c5 Ke8 40. Bc4 Rd8 41. Rxd8+ Nxd8 42. Bd5 Kd7 43. Ke3 Kc7 44. Kd4 Kd7 45. a4 Kc7 46. Kc4 Kd7 47. b5 axb5+ 48. axb5 Kc7 49. Kd4 b6 50. c6 Kc8 51. Bb3 Kc7 52. Ke4 Kc8 53. g3 Kc7 54. h4 Kc8 55. Kf4 Kc7 56. g4 Ne6+ 57. Bxe6 fxe6 58. Ke4 Kc8 59. Kf4 Kc7 60. Ke4 Kc8 61. Ke3 Kc7 62. Kf4 Kc8 63. Ke4 Kc7 64. Kf4 Kc8 65. Ke4 Kc7 66. Kf4 1/2-1/2


[Site "https://www.chess.com"]

[Event "Titled Tuesday Blitz August 09 Early 2022"]
[White "Maksimovic, Bojan"]
[Black "Vagman, Roy"]
[WhiteFideId "14408120"]
[BlackFideId "2828995"]
[WhiteElo "2447"]
[BlackElo "1956"]
[Result "1-0"]
[Round "02"]
[TimeControl "180+1"]
[Date "2022.08.09"]
[WhiteClock "0:00:18"]
[BlackClock "0:00:08"]

1. Nf3 Nf6 2. g3 c5 3. c4 Nc6 4. Bg2 g6 5. O-O Bg7 6. Nc3 O-O 7. d3 d6 8. Bd2 Rb8 9. Qc1 Re8 10. Bh6 Bh8 11. h3 a6 12. Ng5 Nd4 13. g4 b5 14. e3 Ne6 15. Nxe6 Bxe6 16. b3 b4 17. Nd5 Nxd5 18. cxd5 Bd7 19. Rb1 Qa5 20. Qc2 Qb6 21. Kh1 a5 22. f4 a4 23. f5 gxf5 24. gxf5 Bf6 25. Be4 Kh8 26. Rg1 Rg8 27. Qf2 axb3 28. axb3 Rxg1+ 29. Rxg1 Rg8 30. Rxg8+ Kxg8 31. Qa2 Qd8 32. Qa7 Bg7 33. Bg5 f6 34. Bf4 Qc8 35. Bf3 Bf8 36. e4 Bb5 37. Be2 Kf7 38. Qa2 Bd7 39. Bh5+ Kg8 40. Qg2+ Kh8 41. Bf7 Bg7 42. Be6 Bxe6 43. dxe6 Qa6 44. Qc2 Qa1+ 45. Kg2 Qd4 46. Bg3 h5 47. Qe2 Kg8 48. Bf2 Qc3 49. Qxh5 Qxd3 50. Qf3 Qxf3+ 51. Kxf3 Bh6 52. Ke2 Bf4 53. Kd3 Be5 54. Be3 Kg7 55. h4 Kh7 56. h5 Kg7 57. Kc4 Kh7 58. Bc1 Kg7 59. Bd2 Kh7 60. Kd5 Kg7 61. Bc1 Kh7 62. Kc6 c4 63. bxc4 b3 64. Kd7 b2 65. Bxb2 Bxb2 66. Kxe7 Kg7 67. Kxd6 Ba3+ 68. c5 Kf8 69. h6 Bc1 70. h7 Kg7 71. e7 Bf4+ 72. Kd7 Kxh7 73. e8=Q Bh6 74. Qg6+ Kh8 75. Qxh6+ Kg8 76. Qg6+ Kh8 77. Qxf6+ Kg8 78. Qg5+ Kh7 79. Ke7 Kh8 80. Kf7 Kh7 81. Qg7# 1-0


[Site "https://www.chess.com"]